 Dungeon Crawl Stone Soup version 0.29.1-13-g9f3cf754e1 (webtiles) character file.

Game seed: 12792484869191091742

96 Thatpatchoflichen the Slasher (level 4, 0/35 HPs)
             Began as a Demonspawn Gladiator on Feb 2, 2023.
             Killed from afar by Natasha (14 damage)
             ... with a bolt of dispelling energy
             ... on level 3 of the Dungeon.
             The game lasted 00:04:34 (2038 turns).

Thatpatchoflichen the Slasher (DsGl)                Turns: 2038, Time: 00:04:34

Health: 0/35       AC:  7    Str: 14    XL:     4   Next: 41%
Magic:  4/4        EV: 13    Int:  9    God:
Gold:   112        SH:  5    Dex: 17    Spells: 3/3 levels left

rFire   + . .      SeeInvis .   a - +0 long sword
rCold   . . .      Faith    .   (no shield)
rNeg    . . .      Spirit   .   o - +2 leather armour {rF+}
rPois   .          Reflect  +   h - +0 helmet
rElec   .          Harm     .   (no cloak)
rCorr   .          Rampage  .   b - +0 pair of gloves
Will    .....                   (no boots)
Stlth   +.........              c - amulet of reflection
HPRegen 0.11/turn               g - ring of wizardry
MPRegen 0.09/turn               (no ring)

@: no status effects
A: hooves 1
a: no special abilities


You were on level 3 of the Dungeon.
You visited 1 branch of the dungeon, and saw 4 of its levels.

You collected 112 gold pieces.

Inventory:

Hand Weapons
 a - a +0 long sword (weapon)
Missiles
 d - 4 throwing nets (quivered)
 e - a javelin
 n - 6 curare-tipped darts
Armour
 b - a +0 pair of gloves (worn)
 h - a +0 helmet (worn)
 o - a +2 leather armour of fire resistance (worn)
Jewellery
 c - an amulet of reflection (around neck)
 g - a ring of wizardry (left hand)
Scrolls
 i - 3 scrolls of magic mapping {unknown}
 k - 2 scrolls of identify {unknown}
 l - a scroll of noise {unknown}
 m - a scroll of fog {unknown}
 q - a scroll of amnesia {unknown}
Potions
 f - a potion of invisibility {unknown}
 j - a potion of lignification {unknown}
 p - a potion of attraction {unknown}
 r - 2 potions of haste {unknown}


   Skills:
 + Level 3.1 Fighting
 + Level 3.5 Long Blades
 - Level 2.0 Throwing
 + Level 3.4 Dodging


You had 3 spell levels left.
You didn't know any spells.
Your spell library contained the following spells:

 Spells                   Type           Power      Damage    Failure   Level
 Static Discharge         Conj/Air       0%         3-3/arc   30%         2
 Lightning Bolt           Conj/Air       0%         1d11      99%         5
 Maxwell's Capacitive Co  Air            0%         ∞         100%        8


Dungeon Overview and Level Annotations

Branches:
Dungeon (4/15)
 Temple: D:4-7

Altars:

Annotations:
D:3 Natasha


Innate Abilities, Weirdness & Mutations

You have large cloven feet.


Message History

There is an open door here.
A scorpion comes into view.
Found a lead wand.
You see here a +0 long sword.
There is an open door here.
Unknown command.
You close the door.
A rat comes into view.
The helpless rat fails to defend itself.
You slash the rat!
You kill the rat!
You see here a rat corpse.
Found an escape hatch in the ceiling.
There is an escape hatch in the ceiling here.
A mysterious force pulls you upwards. The hatch slams shut behind you.
There is a stone staircase leading down here.
You climb downwards.
There is a stone staircase leading up here.
An endoplasm comes into view.
You hit the endoplasm but do no damage.
You kick the endoplasm, but do no damage.
The endoplasm hits you but does no damage.
You slash the endoplasm!
You kill the endoplasm!
Found a leather armour.
Found an escape hatch in the floor.
There is an escape hatch in the floor here.
You open the door.
There is an open door here.
Natasha, Servant of Life and Death comes into view.
She is carrying a wand of quicksilver (13).
Natasha casts a spell.
Natasha claws you.
You barely miss Natasha. Natasha claws you but does no damage.
You barely miss Natasha. You kick Natasha, but do no damage.
Natasha zaps a wand.
The bolt of dispelling energy hits you!
Natasha zaps a wand.
The bolt of dispelling energy hits you!
You slash Natasha! You kick Natasha.
Natasha is heavily wounded.
Natasha zaps a wand.
The bolt of dispelling energy hits you!
You die...

##.# ###.###..# .#.##### #.......
.......###.# ###.....
.#.........# ######...#
#####.#.#### ........## #
##.###.## #######.# #.## ##.# #.#
#.# ##.###.#### ######.### ##'##
##.#.....# #.@h5....# ##...# #
#..#.##.# #.####.#.# ##..... ##
#..#.##.# #.# ##.#.# ##..>...
.####....##.###.###....###.......
.'...............>.......'.......
.####....##.###.##.....###.......
### #..#.##.# #.##.#.#.# ##......
..# #.......# #........# ##.....
#.# ####.#### ####.##### ##...#


You could see Natasha and a crimson imp (summoned).

Vanquished Creatures
  4 adders
  7 endoplasms
  2 giant cockroaches
  4 goblins
  5 hobgoblins
  7 jackals (D:1)
  A quokka (D:1)
  3 ball pythons
  5 bats
  4 frilled lizards (D:1)
  7 kobolds
  8 rats
57 creatures vanquished.

Notes
Turn   | Place    | Note
-------+----------+-------------------------------------------
     0 | D:1      | Thatpatchoflichen the Demonspawn Gladiator began the quest
                  | for the Orb.
     0 | D:1      | Reached XP level 1. HP: 16/16 MP: 1/1
    98 | D:1      | Gained mutation: You have large cloven feet. [demonic
                  | ancestry]
    98 | D:1      | Reached XP level 2. HP: 19/22 MP: 2/2
   630 | D:1      | Reached XP level 3. HP: 22/28 MP: 3/3
  1291 | D:2      | Reached XP level 4. HP: 28/34 MP: 4/4
  1868 | D:3      | Noticed a scorpion
  2033 | D:3      | Noticed Natasha
  2038 | D:3      | Killed from afar by Natasha

Illustrated notes

Levels and vault maps discovered:
D:1:      onia_arrival_mini_spirals, layout_loops_ring, chequers_garden,
          corexii_leaking_fountain
D:2:      layout_rooms
D:3:      layout_loops_corners, shapermc_ecumenical_altar_rom_forum,
          uniq_natasha
D:4:      layout_loops_cross, st_stairs_9

Skill      XL: |  1  2  3  4 |
---------------+-------------+-----
Throwing       | 2 |  2.0
Long Blades    | 3 |  3.5
Dodging        | 3 |  3.4
Fighting       | 3 |  3.1

Action                   |  1- 3 |  4- 6 || total
-------------------------+-------+-------++-------
Melee: Long sword        |   102 |    36 ||   138
       Kick              |    12 |     8 ||    20
       Punch             |     1 |       ||     1
 Stab: Sleeping          |       |     1 ||     1
Armor: Leather armour    |    59 |     7 ||    66
Dodge: Dodged            |    92 |    19 ||   111
Block: Other             |     3 |     1 ||     4
